 Dungeon Crawl Stone Soup version 0.28.0-45-g0d030f2227 (webtiles) character file.

Game seed: 12286592324484228328

74 zeratav the Insei (level 4, 0/29 HPs)
             Began as an Octopode Transmuter on Apr 7, 2022.
             Slain by a bullfrog zombie (1 damage)
             ... on level 6 of the Dungeon.
             The game lasted 00:03:44 (2452 turns).

zeratav the Insei (Octopode Transmuter)             Turns: 2452, Time: 00:03:45

Health: 0/29       AC:  1    Str:  9    XL:     4   Next: 30%
Magic:  7/7        EV: 13    Int: 15    God:
Gold:   85         SH:  0    Dex: 14    Spells: 3/7 levels left

rFire   . . .      SeeInvis .   a - +2 dagger (pain) {short}
rCold   . . .      Faith    .   (no shield)
rNeg    . . .      Spirit   .   (helmet restricted)
rPois   .          Reflect  .   (no amulet)
rElec   .          Harm     .   f - ring of flight
rCorr   .          Rampage  .   (no ring)
Will    .....                   (no ring)
Stlth   +++.......              (no ring)
HPRegen 0.09/turn               (no ring)
MPRegen 0.10/turn               (no ring)
                                (no ring)
                                (no ring)

@: flying
A: almost no armour, amphibious, 8 rings, camouflage 1, gelatinous body 1,
(nimble swimmer 1), tentacles
a: no special abilities


You were on level 6 of the Dungeon.
You visited 1 branch of the dungeon, and saw 4 of its levels.

You collected 85 gold pieces.


Innate Abilities, Weirdness & Mutations

You cannot wear most types of armour.
You are amphibious.
You can wear up to eight rings at the same time.
Your skin changes colour to match your surroundings (Stealth+).
Your rubbery body absorbs attacks. (AC +1, EV +1)
((You are camouflaged when in or above water. (Stealth+)))
You have tentacles for arms and can constrict up to eight enemies at once.


   Skills:
 + Level 1.7 Fighting
 + Level 2.4 Dodging
 + Level 2.1 Stealth
 * Level 3.7 Unarmed Combat
 - Level 2.0 Spellcasting
 + Level 2.5 Transmutations


You had 3 spell levels left.
You knew the following spells:

 Your Spells              Type           Power      Damage    Failure   Level
a - Beastly Appendage     Tmut           18%        N/A       8%          1
b - Spider Form           Tmut/Pois      5%         N/A       36%         3

Your spell library contained the following spells:

 Spells                   Type           Power      Damage    Failure   Level
 Wereblood                Tmut           9%         N/A       12%         2
 Corpse Rot               Necr/Air       2%         N/A       32%         2
 Gell's Gravitas          Tloc           1%         N/A       54%         3
 Lesser Beckoning         Tloc           1%         N/A       54%         3
 Teleport Other           Tloc           1%         N/A       54%         3
 Tukima's Dance           Hex            1%         N/A       54%         3
 Ice Form                 Ice/Tmut       5%         N/A       78%         4
 Anguish                  Hex/Necr       0%         N/A       91%         4
 Dispel Undead            Necr           1%         3d6       91%         4
 Death Channel            Necr           0%         N/A       100%        6
 Enfeeble                 Hex            0%         N/A       100%        7

Inventory:

Hand Weapons
 a - a +2 dagger of pain (weapon) {short}
   (You took it off a goblin on level 1 of the Dungeon)
Jewellery
 f - a ring of flight (left tentacle)
   (You found it on level 2 of the Dungeon)
Wands
 i - a wand of iceblast (11)
   (You found it on level 3 of the Dungeon)
Scrolls
 b - a scroll of enchant weapon {unknown}
 c - 2 scrolls of identify {unknown}
 d - a scroll of summoning {unknown}
 e - a scroll of holy word {unknown}
 g - a scroll of blinking {unknown}
 h - 2 scrolls of brand weapon {unknown}
Potions
 j - 2 potions of mutation {unknown}

Dungeon Overview and Level Annotations

Branches:
Dungeon (3/15)

Altars:
Dithmenos
Trog
Zin

Shops:
D:2

* #...# .#...
#.>##...###.#..##
.................
.#..##..........#
..............#
##.##...##.#..#
..............#
#.##......#..###.#
#@##..g.g........#
######Z##...###...#####
#......gg....g##.......>
#.##.##.g#..............
# #..g..#####..###..
..............###..
..............g.....
####.##.#.####.g####.
..##.#.......#


You could see a gnoll sergeant, 3 gnolls and a bullfrog zombie.


Message History

Jessica the Apprentice Sorceress comes into view.
She is wielding a +0 dagger.
You see here 2 white potions.
Jessica shouts!
You hear an angry hiss.
You hit Jessica. You grab Jessica.
You constrict Jessica, but do no damage.
Jessica misses you.
You hit Jessica. You constrict Jessica. Jessica misses you.
You hit Jessica.
You kill Jessica!
Your Stealth skill increases to level 2!
You have reached level 4!
HP[+6] MP[+1]
You now have 29 max hp (+6).
Your hp is fully restored (29).
Your mp is fully restored (7).
A frilled lizard comes into view.
Items here: ) / [ †.
Items here: ) / [ †.
i - a wand of iceblast (11)
The frilled lizard closely misses you.
You barely miss the frilled lizard. Your grab misses the frilled lizard.
The frilled lizard misses you.
You completely miss the frilled lizard. You grab the frilled lizard.
Your squeeze misses the frilled lizard. You constrict the frilled lizard.
The frilled lizard barely misses you.
You hit the frilled lizard.
You kill the frilled lizard!
j - 2 white potions
Things that are here:
a +0 dagger {short}; a +0 robe; the human corpse of Jessica You see here a frilled lizard corpse.
A bat comes into view.
Found a shadowy altar of Dithmenos.
The bat moves out of view.
A bat is nearby!
A bat is nearby!
You pick up a book of Maledictions and begin reading...
You add the spells Tukima's Dance, Anguish and Enfeeble to your library.
No target in view!
No target in view!
No target in view!
No target in view!
No target in view!
No target in view!
No target in view!
No target in view!
No target in view!
No target in view!
No target in view!
No target in view!
No target in view!
No target in view!
No target in view!
No target in view!
A ball python comes into view.
A sourceless malevolence fills the Dungeon...
You are sucked into a shaft and drop 3 floors!
The shaft crumbles and collapses. 4 gnolls come into view.
Unknown command.
A centaur comes into view.
The gnoll shouts! x3
A gnoll sergeant comes into view.
It is wielding a +0 spear of distortion.
The gnoll sergeant moves out of view.
The gnoll closely misses you.
You see here a scroll labelled RUYNEIDDAIR.
Found a stone staircase leading down.
A bullfrog zombie comes into view.
Found a stone staircase leading down.
The bullfrog zombie closely misses you. The bullfrog zombie hits you.
HP[-6]
You take 6 damage, and now have 23/29 hp.
MASSIVE DAMAGE!! (PAUSE)
The bullfrog zombie closely misses you. The bullfrog zombie hits you.
HP[-3]
You take 3 damage, and now have 20/29 hp.
You hit the bullfrog zombie. You grab the bullfrog zombie.
You constrict the bullfrog zombie. The bullfrog zombie hits you.
* * * LOW HITPOINT WARNING * * *
HP[-6]
You take 6 damage, and now have 14/29 hp.
MASSIVE DAMAGE!! (PAUSE)
You hit the bullfrog zombie. You constrict the bullfrog zombie.
The bullfrog zombie hits you!
* * * LOW HITPOINT WARNING * * *
HP[-6]
You take 6 damage, and now have 8/29 hp.
MASSIVE DAMAGE!! (PAUSE)
You completely miss the bullfrog zombie.
You tentacle-slap the bullfrog zombie. You constrict the bullfrog zombie.
The bullfrog zombie hits you.
* * * LOW HITPOINT WARNING * * *
HP[-1]
You take 1 damage, and now have 7/29 hp.
You hit the bullfrog zombie. You constrict the bullfrog zombie.
The bullfrog zombie hits you but does no damage.
The gnoll hits you from afar with a +0 spear.
* * * LOW HITPOINT WARNING * * *
The bullfrog zombie hits you.
You die...

Skill      XL: |  1  2  3 |
---------------+----------+-----
Stealth        | 1 2 |  2.1
Fighting       | |  1.7
Dodging        | |  2.4
Unarmed Combat | |  3.7
Spellcasting   | |  2.0
Transmutations | |  2.5

Action                   |  1- 3 |  4- 6 || total
-------------------------+-------+-------++-------
Melee: Unarmed           |    13 |       ||    13
       Constrict         |    20 |     2 ||    22
       Kick              |    12 |       ||    12
       Tentacles         |     9 |       ||     9
       Dagger            |    59 |     7 ||    66
       Punch             |     1 |     1 ||     2
 Cast: Beastly Appendage |    20 |       ||    20
 Stab: Sleeping          |     5 |       ||     5
Armor: Skin              |     6 |     1 ||     7
Dodge: Dodged            |    53 |     6 ||    59

Levels and vault maps discovered:
D:1:      matt_arrival_los_fun, layout_basic
D:2:      layout_basic, basic_altar, serial_shops, shop, minmay_misc_feat_alley
D:3:      layout_basic, zin_angel, mainiacjoe_overflow_paths,
          hellmonk_ecumenical_altar_dog_temple, serial_park_tiny_1, uniq_jessica
D:6:      layout_basic, grunt_ministairs_15, uniq_pikel

Notes
Turn   | Place    | Note
-------+----------+-------------------------------------------
     0 | D:1      | zeratav the Octopode Transmuter began the quest for the
                  | Orb.
     0 | D:1      | Reached XP level 1. HP: 13/13 MP: 3/3
     0 | D:1      | magus.rc [v1.9.6]
    39 | D:1      | HP: 3/13 [goblin/+0 dagger (3)]
   312 | D:1      | Reached XP level 2. HP: 18/18 MP: 3/5
   313 | D:1      | Reached skill level 1 in Stealth
  1107 | D:1      | Reached XP level 3. HP: 18/23 MP: 4/6
  1525 | D:2      | Found a bloodstained altar of Trog.
  1776 | D:2      | Found Dekhleo Xide's General Store.
  2075 | D:2      | You pick up a book of Displacement and begin reading...
  2075 | D:2      | You add the spells Lesser Beckoning, Gell's Gravitas and
                  | Teleport Other to your library.
  2279 | D:2      | Learned a level 3 spell: Spider Form
  2314 | D:3      | You pick up a book of Decay and begin reading...
  2314 | D:3      | You add the spells Corpse Rot, Dispel Undead and Death
                  | Channel to your library.
  2340 | D:3      | Noticed an angel
  2341 | D:3      | Found a glowing silver altar of Zin.
  2365 | D:3      | Noticed Jessica
  2373 | D:3      | Killed Jessica
  2374 | D:3      | Reached skill level 2 in Stealth
  2374 | D:3      | Reached XP level 4. HP: 29/29 MP: 7/7
  2394 | D:3      | Found a shadowy altar of Dithmenos.
  2399 | D:3      | You pick up a book of Maledictions and begin reading...
  2399 | D:3      | You add the spells Tukima's Dance, Anguish and Enfeeble to
                  | your library.
  2406 | D:3      | You are sucked into a shaft and drop 3 floors!
  2412 | D:6      | Noticed a centaur
  2420 | D:6      | Noticed a gnoll sergeant
  2451 | D:6      | HP: 7/29 [bullfrog zombie (1)]
  2452 | D:6      | HP: 1/29 [gnoll/+0 spear (6)]
  2452 | D:6      | Slain by a bullfrog zombie

Vanquished Creatures
  Jessica (D:3)
  An adder (D:2)
  4 ball pythons
  3 bats
  4 endoplasms
  3 giant cockroaches (D:1)
  4 goblins
  3 hobgoblins
  6 kobolds
  2 quokkas
  4 frilled lizards
  3 rats
38 creatures vanquished.

Table legend:
 A = Non-vault XP
 B = Vault XP
 C = Vault XP percentage of total XP
 D = Non-vault monster count
 E = Vault monster count
 F = Vault count percentage of total count
                 A         B        C        D         E       F
            +---------+---------+-------+---------+---------+-------
      Total |      70 |      37 |  34.6 |      37 |       1 |   2.6
            +---------+---------+-------+---------+---------+-------
        D:1 |      34 |       0 |   0.0 |      20 |       0 |   0.0
        D:2 |      35 |       0 |   0.0 |      16 |       0 |   0.0
        D:3 |       1 |      37 |  97.4 |       1 |       1 |  50.0
            +---------+---------+-------+---------+---------+-------

Illustrated notes

Table legend:
 A = Kills in this place as a percentage of kills in entire the game.
 B = Kills by you in this place as a percentage of kills by you in the entire game.
 C = Kills by friends in this place as a percentage of kills by friends in the entire game.
 D = Other kills in this place as a percentage of other kills in the entire game.
 E = Experience gained in this place as a percentage of experience gained in the entire game.
 F = Experience gained in this place divided by the number of levels of this place that you have seen.
                   A       B       C       D       E      F
               +-------+-------+-------+-------+-------+----------------------
         Total | 100.0 | 100.0 |   N/A |   N/A | 100.0 |  26.8
       Dungeon | 100.0 | 100.0 |   N/A |   N/A | 100.0 |  26.8
               +-------+-------+-------+-------+-------+----------------------

Table legend: (Time is in decaauts)
 A = Elapsed time spent in this place.
 B = Non-inter-level travel time spent in this place.
 C = Inter-level travel time spent in this place.
 D = Time resting spent in this place.
 E = Time spent auto-exploring this place.
 F = Levels seen in this place.
 G = Mean time per level.
                   A        B        C        D        E       F      G
               +--------+--------+--------+--------+--------+-----+--------+
         Total |   2449 |   2394 |     55 |      0 |   2081 |   4 |  612.2 |
       Dungeon |   2449 |   2394 |     55 |      0 |   2081 |   4 |  612.2 |
               +--------+--------+--------+--------+--------+-----+--------+

Top non-repeatable levels by time:
     D:1: 1427 daAuts
     D:2: 877 daAuts
     D:3: 99 daAuts
     D:6: 45 daAuts
